Workbook

Sheet Jan
B3: Mês: | C3: Janeiro
B6: Nome da empresa: | C6: Ana Cabeleireira
B8: Receita | N8: Despesas
B10: Data (Venda) | C10: Cliente | D10: Produto/Serviço | E10: Tipo | F10: Valor | G10: Forma de pagamento | H10: Parcelas | I10: Nota Fiscal | J10: Recebido | K10: Ano | L10: mês | N10: Data | O10: Tipo de despesa/ Custo | P10: Valor | Q10: Forma de pagamento | R10: Parcelas | S10: Pago
K11: =IF(B11="","",YEAR(B11)) | L11: =IF(B11="","",TEXT(DATE(#REF!,MONTH(B11),1),"mmmm")) | N11: 45300
B12: 45300 | K12: =IF(B12="","",YEAR(B12)) -> 2024 | L12: =IF(B12="","",TEXT(DATE(#REF!,MONTH(B12),1),"mmmm")) -> #REF! | N12: 45301
B13: 45301 | E13: Comércio | K13: =IF(B13="","",YEAR(B13)) -> 2024 | L13: =IF(B13="","",TEXT(DATE(#REF!,MONTH(B13),1),"mmmm")) -> #REF! | N13: 45302
B14: 45302 | K14: =IF(B14="","",YEAR(B14)) -> 2024 | L14: =IF(B14="","",TEXT(DATE(#REF!,MONTH(B14),1),"mmmm")) -> #REF! | N14: 45303
B15: 45303 | K15: =IF(B15="","",YEAR(B15)) -> 2024 | L15: =IF(B15="","",TEXT(DATE(#REF!,MONTH(B15),1),"mmmm")) -> #REF! | N15: 45304
B16: 45304 | K16: =IF(B16="","",YEAR(B16)) -> 2024 | L16: =IF(B16="","",TEXT(DATE(#REF!,MONTH(B16),1),"mmmm")) -> #REF! | N16: 45305
B17: 45305 | K17: =IF(B17="","",YEAR(B17)) -> 2024 | L17: =IF(B17="","",TEXT(DATE(#REF!,MONTH(B17),1),"mmmm")) -> #REF! | N17: 45306
B18: 45306 | N18: 45307
B19: 45307 | N19: 45308
B20: 45308 | N20: 45309
B21: 45309 | N21: 45310
B22: 45310 | N22: 45311
B23: 45311 | K23: =IF(B23="","",YEAR(B23)) -> 2024 | L23: =IF(B23="","",TEXT(DATE(#REF!,MONTH(B23),1),"mmmm")) -> #REF! | N23: 45312
B24: 45312 | K24: =IF(B28="","",YEAR(B28)) -> 2024 | L24: =IF(B28="","",TEXT(DATE(#REF!,MONTH(B28),1),"mmmm")) -> #REF! | N24: 45313
B25: 45313 | K25: =IF(B29="","",YEAR(B29)) -> 2024 | L25: =IF(B29="","",TEXT(DATE(#REF!,MONTH(B29),1),"mmmm")) -> #REF! | N25: 45314
B26: 45314 | K26: =IF(B26="","",YEAR(B26)) -> 2024 | L26: =IF(B26="","",TEXT(DATE(#REF!,MONTH(B26),1),"mmmm")) -> #REF! | N26: 45315
B27: 45315 | K27: =IF(B27="","",YEAR(B27)) -> 2024 | L27: =IF(B27="","",TEXT(DATE(#REF!,MONTH(B27),1),"mmmm")) -> #REF! | N27: 45316
B28: 45316 | K28: =IF(#REF!="","",YEAR(#REF!)) -> #REF! | L28: =IF(#REF!="","",TEXT(DATE(#REF!,MONTH(#REF!),1),"mmmm")) -> #REF! | N28: 45317
B29: 45317 | K29: =IF(#REF!="","",YEAR(#REF!)) -> #REF! | L29: =IF(#REF!="","",TEXT(DATE(#REF!,MONTH(#REF!),1),"mmmm")) -> #REF! | N29: 45318
B30: 45315 | K30: =IF(B30="","",YEAR(B30)) -> 2024 | L30: =IF(B30="","",TEXT(DATE(#REF!,MONTH(B30),1),"mmmm")) -> #REF! | N30: 45319
B31: 45316 | K31: =IF(B31="","",YEAR(B31)) -> 2024 | L31: =IF(B31="","",TEXT(DATE(#REF!,MONTH(B31),1),"mmmm")) -> #REF! | N31: 45320
B32: 45317 | K32: =IF(B32="","",YEAR(B32)) -> 2024 | L32: =IF(B32="","",TEXT(DATE(#REF!,MONTH(B32),1),"mmmm")) -> #REF! | N32: 45321
B33: 45318 | K33: =IF(B33="","",YEAR(B33)) -> 2024 | L33: =IF(B33="","",TEXT(DATE(#REF!,MONTH(B33),1),"mmmm")) -> #REF!
B34: 45319 | K34: =IF(B34="","",YEAR(B34)) -> 2024 | L34: =IF(B34="","",TEXT(DATE(#REF!,MONTH(B34),1),"mmmm")) -> #REF!
B35: 45320 | K35: =IF(B35="","",YEAR(B35)) -> 2024 | L35: =IF(B35="","",TEXT(DATE(#REF!,MONTH(B35),1),"mmmm")) -> #REF!
B36: 45321 | K36: =IF(B36="","",YEAR(B36)) -> 2024 | L36: =IF(B36="","",TEXT(DATE(#REF!,MONTH(B36),1),"mmmm")) -> #REF!
B37: 45292 | K37: =IF(B37="","",YEAR(B37)) -> 2024 | L37: =IF(B37="","",TEXT(DATE(#REF!,MONTH(B37),1),"mmmm")) -> #REF!
B38: 45293 | K38: =IF(B38="","",YEAR(B38)) -> 2024 | L38: =IF(B38="","",TEXT(DATE(#REF!,MONTH(B38),1),"mmmm")) -> #REF!
B39: VENDAS DO MÊS | D39: A RECEBER (PARCELADO) | G39: TOTAL RECEBIDO NO MÊS | N39: DESPESAS DO MÊS | Q39: TOTAL PAGO NO MÊS
B40: =SUMIF(L:L,C3,F:F)+SUMIF(L:L,"",F:F) -> 0 | D40: =-SUMIFS(F:F,H:H,"<>"&"",J:J,"<>"&"Sim") -> 0 | G40: =SUMIF(J11:J38,"Sim",F11:F38) -> 0 | N40: =SUM(Jan!$P$11:$P$38) -> 0 | Q40: =SUMIF(Jan!$S$11:$S$38,"Sim",Jan!$P$11:$P$38) -> 0
D41: RECEBIDO DE OUTROS MESES
D42: =SUMIFS(F:F,H:H,"<>"&"",J:J,"Sim",L:L,"<>"&$C$3) -> 0

Sheet Fev
B4: Mês: | C4: Fevereiro
B7: Nome da empresa: | C7: Ana Cabeleireira
B9: Ganhos | N9: Despesas
B11: Data (Venda) | C11: Cliente | D11: Produto/Serviço | E11: Tipo | F11: Valor | G11: Forma de pagamento | H11: Parcelas | I11: Nota Fiscal | J11: Recebido | K11: Ano | L11: mês | N11: Data | O11: Tipo de despesa | P11: Valor | Q11: Forma de pagamento | R11: Parcelas | S11: Pago
K12: =IF(B12="","",YEAR(B12)) | L12: =IF(B12="","",TEXT(DATE(#REF!,MONTH(B12),1),"mmmm"))
K13: =IF(B13="","",YEAR(B13)) | L13: =IF(B13="","",TEXT(DATE(#REF!,MONTH(B13),1),"mmmm"))
K14: =IF(B14="","",YEAR(B14)) | L14: =IF(B14="","",TEXT(DATE(#REF!,MONTH(B14),1),"mmmm"))
K15: =IF(B15="","",YEAR(B15)) | L15: =IF(B15="","",TEXT(DATE(#REF!,MONTH(B15),1),"mmmm"))
K16: =IF(B16="","",YEAR(B16)) | L16: =IF(B16="","",TEXT(DATE(#REF!,MONTH(B16),1),"mmmm"))
K17: =IF(B17="","",YEAR(B17)) | L17: =IF(B17="","",TEXT(DATE(#REF!,MONTH(B17),1),"mmmm"))
K18: =IF(B18="","",YEAR(B18)) | L18: =IF(B18="","",TEXT(DATE(#REF!,MONTH(B18),1),"mmmm"))
K19: =IF(B19="","",YEAR(B19)) | L19: =IF(B19="","",TEXT(DATE(#REF!,MONTH(B19),1),"mmmm"))
K20: =IF(B20="","",YEAR(B20)) | L20: =IF(B20="","",TEXT(DATE(#REF!,MONTH(B20),1),"mmmm"))
K21: =IF(B21="","",YEAR(B21)) | L21: =IF(B21="","",TEXT(DATE(#REF!,MONTH(B21),1),"mmmm"))
K22: =IF(B22="","",YEAR(B22)) | L22: =IF(B22="","",TEXT(DATE(#REF!,MONTH(B22),1),"mmmm"))
K23: =IF(B23="","",YEAR(B23)) | L23: =IF(B23="","",TEXT(DATE(#REF!,MONTH(B23),1),"mmmm"))
... K34: =IF(B34="","",YEAR(B34)) | L34: =IF(B34="","",TEXT(DATE(#REF!,MONTH(B34),1),"mmmm"))
B35: VENDAS DO MÊS | D35: A RECEBER (PARCELADO) | G35: TOTAL RECEBIDO NO MÊS | N35: DESPESAS DO MÊS | Q35: TOTAL PAGO NO MÊS
B36: =SUMIF(L:L,C4,F:F)+SUMIF(L:L,"",F:F) -> 0 | D36: =-SUMIFS(F:F,H:H,"<>"&"",J:J,"<>"&"Sim") -> 0 | G36: =SUMIF(J12:J34,"Sim",F12:F34) -> 0 | N36: =SUM(Fev!$P$12:$P$34) -> 0 | Q36: =SUMIF(Fev!$S$12:$S$34,"Sim",Fev!$P$12:$P$34) -> 0
D37: RECEBIDO DE OUTROS MESES
D38: =SUMIFS(F:F,H:H,"<>"&"",J:J,"Sim",L:L,"<>"&$C$4) -> 0

Sheet Mar
B4: Mês: | C4: Março
B7: Nome da empresa: | C7: Ana Cabeleireira
B9: Ganhos | N9: Despesas
B11: Data (Venda) | C11: Cliente | D11: Produto/Serviço | E11: Tipo | F11: Valor | G11: Forma de pagamento | H11: Parcelas | I11: Nota Fiscal | J11: Recebido | K11: Ano | L11: mês | N11: Data | O11: Tipo de despesa | P11: Valor | Q11: Forma de pagamento | R11: Parcelas | S11: Pago
K12: =IF(B12="","",YEAR(B12)) | L12: =IF(B12="","",TEXT(DATE(#REF!,MONTH(B12),1),"mmmm"))
K13: =IF(B13="","",YEAR(B13)) | L13: =IF(B13="","",TEXT(DATE(#REF!,MONTH(B13),1),"mmmm"))
K14: =IF(B14="","",YEAR(B14)) | L14: =IF(B14="","",TEXT(DATE(#REF!,MONTH(B14),1),"mmmm"))
K15: =IF(B15="","",YEAR(B15)) | L15: =IF(B15="","",TEXT(DATE(#REF!,MONTH(B15),1),"mmmm"))
K16: =IF(B16="","",YEAR(B16)) | L16: =IF(B16="","",TEXT(DATE(#REF!,MONTH(B16),1),"mmmm"))
K17: =IF(B17="","",YEAR(B17)) | L17: =IF(B17="","",TEXT(DATE(#REF!,MONTH(B17),1),"mmmm"))
K18: =IF(B18="","",YEAR(B18)) | L18: =IF(B18="","",TEXT(DATE(#REF!,MONTH(B18),1),"mmmm"))
K19: =IF(B19="","",YEAR(B19)) | L19: =IF(B19="","",TEXT(DATE(#REF!,MONTH(B19),1),"mmmm"))
K20: =IF(B20="","",YEAR(B20)) | L20: =IF(B20="","",TEXT(DATE(#REF!,MONTH(B20),1),"mmmm"))
K21: =IF(B21="","",YEAR(B21)) | L21: =IF(B21="","",TEXT(DATE(#REF!,MONTH(B21),1),"mmmm"))
K22: =IF(B22="","",YEAR(B22)) | L22: =IF(B22="","",TEXT(DATE(#REF!,MONTH(B22),1),"mmmm"))
K23: =IF(B23="","",YEAR(B23)) | L23: =IF(B23="","",TEXT(DATE(#REF!,MONTH(B23),1),"mmmm"))
... K34: =IF(B34="","",YEAR(B34)) | L34: =IF(B34="","",TEXT(DATE(#REF!,MONTH(B34),1),"mmmm"))
B35: VENDAS DO MÊS | D35: A RECEBER (PARCELADO) | G35: TOTAL RECEBIDO NO MÊS | N35: DESPESAS DO MÊS | Q35: TOTAL PAGO NO MÊS
B36: =SUMIF(L:L,C4,F:F)+SUMIF(L:L,"",F:F) -> 0 | D36: =-SUMIFS(F:F,H:H,"<>"&"",J:J,"<>"&"Sim") -> 0 | G36: =SUMIF(J12:J34,"Sim",F12:F34) -> 0 | N36: =SUM(Mar!$P$12:$P$34) -> 0 | Q36: =SUMIF(Mar!$S$12:$S$34,"Sim",Mar!$P$12:$P$34) -> 0
D37: RECEBIDO DE OUTROS MESES
D38: =SUMIFS(F:F,H:H,"<>"&"",J:J,"Sim",L:L,"<>"&$C$4) -> 0

Sheet Abr
B4: Mês: | C4: Abril
B7: Nome da empresa: | C7: Ana Cabeleireira
B9: Ganhos | N9: Despesas
B11: Data (Venda) | C11: Cliente | D11: Produto/Serviço | E11: Tipo | F11: Valor | G11: Forma de pagamento | H11: Parcelas | I11: Nota Fiscal | J11: Recebido | K11: Ano | L11: mês | N11: Data | O11: Tipo de despesa | P11: Valor | Q11: Forma de pagamento | R11: Parcelas | S11: Pago
K12: =IF(B12="","",YEAR(B12)) | L12: =IF(B12="","",TEXT(DATE(#REF!,MONTH(B12),1),"mmmm"))
K13: =IF(B13="","",YEAR(B13)) | L13: =IF(B13="","",TEXT(DATE(#REF!,MONTH(B13),1),"mmmm"))
K14: =IF(B14="","",YEAR(B14)) | L14: =IF(B14="","",TEXT(DATE(#REF!,MONTH(B14),1),"mmmm"))
K15: =IF(B15="","",YEAR(B15)) | L15: =IF(B15="","",TEXT(DATE(#REF!,MONTH(B15),1),"mmmm"))
K16: =IF(B16="","",YEAR(B16)) | L16: =IF(B16="","",TEXT(DATE(#REF!,MONTH(B16),1),"mmmm"))
K17: =IF(B17="","",YEAR(B17)) | L17: =IF(B17="","",TEXT(DATE(#REF!,MONTH(B17),1),"mmmm"))
K18: =IF(B18="","",YEAR(B18)) | L18: =IF(B18="","",TEXT(DATE(#REF!,MONTH(B18),1),"mmmm"))
K19: =IF(B19="","",YEAR(B19)) | L19: =IF(B19="","",TEXT(DATE(#REF!,MONTH(B19),1),"mmmm"))
K20: =IF(B20="","",YEAR(B20)) | L20: =IF(B20="","",TEXT(DATE(#REF!,MONTH(B20),1),"mmmm"))
K21: =IF(B21="","",YEAR(B21)) | L21: =IF(B21="","",TEXT(DATE(#REF!,MONTH(B21),1),"mmmm"))
K22: =IF(B22="","",YEAR(B22)) | L22: =IF(B22="","",TEXT(DATE(#REF!,MONTH(B22),1),"mmmm"))
K23: =IF(B23="","",YEAR(B23)) | L23: =IF(B23="","",TEXT(DATE(#REF!,MONTH(B23),1),"mmmm"))
... K34: =IF(B34="","",YEAR(B34)) | L34: =IF(B34="","",TEXT(DATE(#REF!,MONTH(B34),1),"mmmm"))
B35: VENDAS DO MÊS | D35: A RECEBER (PARCELADO) | G35: TOTAL RECEBIDO NO MÊS | N35: DESPESAS DO MÊS | Q35: TOTAL PAGO NO MÊS
B36: =SUMIF(L:L,C4,F:F)+SUMIF(L:L,"",F:F) -> 0 | D36: =-SUMIFS(F:F,H:H,"<>"&"",J:J,"<>"&"Sim") -> 0 | G36: =SUMIF(J12:J34,"Sim",F12:F34) -> 0 | N36: =SUM(Abr!$P$12:$P$34) -> 0 | Q36: =SUMIF(Abr!$S$12:$S$34,"Sim",Abr!$P$12:$P$34) -> 0
D37: RECEBIDO DE OUTROS MESES
D38: =SUMIFS(F:F,H:H,"<>"&"",J:J,"Sim",L:L,"<>"&$C$4) -> 0

Sheet Mai
B4: Mês: | C4: Maio
B7: Nome da empresa: | C7: Ana Cabeleireira
B9: Ganhos | N9: Despesas
B11: Data (Venda) | C11: Cliente | D11: Produto/Serviço | E11: Tipo | F11: Valor | G11: Forma de pagamento | H11: Parcelas | I11: Nota Fiscal | J11: Recebido | K11: Ano | L11: mês | N11: Data | O11: Tipo de despesa | P11: Valor | Q11: Forma de pagamento | R11: Parcelas | S11: Pago
K12: =IF(B12="","",YEAR(B12)) | L12: =IF(B12="","",TEXT(DATE(#REF!,MONTH(B12),1),"mmmm"))
K13: =IF(B13="","",YEAR(B13)) | L13: =IF(B13="","",TEXT(DATE(#REF!,MONTH(B13),1),"mmmm"))
K14: =IF(B14="","",YEAR(B14)) | L14: =IF(B14="","",TEXT(DATE(#REF!,MONTH(B14),1),"mmmm"))
K15: =IF(B15="","",YEAR(B15)) | L15: =IF(B15="","",TEXT(DATE(#REF!,MONTH(B15),1),"mmmm"))
K16: =IF(B16="","",YEAR(B16)) | L16: =IF(B16="","",TEXT(DATE(#REF!,MONTH(B16),1),"mmmm"))
K17: =IF(B17="","",YEAR(B17)) | L17: =IF(B17="","",TEXT(DATE(#REF!,MONTH(B17),1),"mmmm"))
K18: =IF(B18="","",YEAR(B18)) | L18: =IF(B18="","",TEXT(DATE(#REF!,MONTH(B18),1),"mmmm"))
K19: =IF(B19="","",YEAR(B19)) | L19: =IF(B19="","",TEXT(DATE(#REF!,MONTH(B19),1),"mmmm"))
K20: =IF(B20="","",YEAR(B20)) | L20: =IF(B20="","",TEXT(DATE(#REF!,MONTH(B20),1),"mmmm"))
K21: =IF(B21="","",YEAR(B21)) | L21: =IF(B21="","",TEXT(DATE(#REF!,MONTH(B21),1),"mmmm"))
K22: =IF(B22="","",YEAR(B22)) | L22: =IF(B22="","",TEXT(DATE(#REF!,MONTH(B22),1),"mmmm"))
K23: =IF(B23="","",YEAR(B23)) | L23: =IF(B23="","",TEXT(DATE(#REF!,MONTH(B23),1),"mmmm"))
... K34: =IF(B34="","",YEAR(B34)) | L34: =IF(B34="","",TEXT(DATE(#REF!,MONTH(B34),1),"mmmm"))
B35: VENDAS DO MÊS | D35: A RECEBER (PARCELADO) | G35: TOTAL RECEBIDO NO MÊS | N35: DESPESAS DO MÊS | Q35: TOTAL PAGO NO MÊS
B36: =SUMIF(L:L,C4,F:F)+SUMIF(L:L,"",F:F) -> 0 | D36: =-SUMIFS(F:F,H:H,"<>"&"",J:J,"<>"&"Sim") -> 0 | G36: =SUMIF(J12:J34,"Sim",F12:F34) -> 0 | N36: =SUM(Mai!$P$12:$P$34) -> 0 | Q36: =SUMIF(Mai!$S$12:$S$34,"Sim",Mai!$P$12:$P$34) -> 0
D37: RECEBIDO DE OUTROS MESES
D38: =SUMIFS(F:F,H:H,"<>"&"",J:J,"Sim",L:L,"<>"&$C$4) -> 0

Sheet Jun
B4: Mês: | C4: Junho
B7: Nome da empresa: | C7: Ana Cabeleireira
B9: Ganhos | N9: Despesas
B11: Data (Venda) | C11: Cliente | D11: Produto/Serviço | E11: Tipo | F11: Valor | G11: Forma de pagamento | H11: Parcelas | I11: Nota Fiscal | J11: Recebido | K11: Ano | L11: mês | N11: Data | O11: Tipo de despesa | P11: Valor | Q11: Forma de pagamento | R11: Parcelas | S11: Pago
K12: =IF(B12="","",YEAR(B12)) | L12: =IF(B12="","",TEXT(DATE(#REF!,MONTH(B12),1),"mmmm"))
K13: =IF(B13="","",YEAR(B13)) | L13: =IF(B13="","",TEXT(DATE(#REF!,MONTH(B13),1),"mmmm"))
K14: =IF(B14="","",YEAR(B14)) | L14: =IF(B14="","",TEXT(DATE(#REF!,MONTH(B14),1),"mmmm"))
K15: =IF(B15="","",YEAR(B15)) | L15: =IF(B15="","",TEXT(DATE(#REF!,MONTH(B15),1),"mmmm"))
K16: =IF(B16="","",YEAR(B16)) | L16: =IF(B16="","",TEXT(DATE(#REF!,MONTH(B16),1),"mmmm"))
K17: =IF(B17="","",YEAR(B17)) | L17: =IF(B17="","",TEXT(DATE(#REF!,MONTH(B17),1),"mmmm"))
K18: =IF(B18="","",YEAR(B18)) | L18: =IF(B18="","",TEXT(DATE(#REF!,MONTH(B18),1),"mmmm"))
K19: =IF(B19="","",YEAR(B19)) | L19: =IF(B19="","",TEXT(DATE(#REF!,MONTH(B19),1),"mmmm"))
K20: =IF(B20="","",YEAR(B20)) | L20: =IF(B20="","",TEXT(DATE(#REF!,MONTH(B20),1),"mmmm"))
K21: =IF(B21="","",YEAR(B21)) | L21: =IF(B21="","",TEXT(DATE(#REF!,MONTH(B21),1),"mmmm"))
K22: =IF(B22="","",YEAR(B22)) | L22: =IF(B22="","",TEXT(DATE(#REF!,MONTH(B22),1),"mmmm"))
K23: =IF(B23="","",YEAR(B23)) | L23: =IF(B23="","",TEXT(DATE(#REF!,MONTH(B23),1),"mmmm"))
... K34: =IF(B34="","",YEAR(B34)) | L34: =IF(B34="","",TEXT(DATE(#REF!,MONTH(B34),1),"mmmm"))
B35: VENDAS DO MÊS | D35: A RECEBER (PARCELADO) | G35: TOTAL RECEBIDO NO MÊS | N35: DESPESAS DO MÊS | Q35: TOTAL PAGO NO MÊS
B36: =SUMIF(L:L,C4,F:F)+SUMIF(L:L,"",F:F) -> 0 | D36: =-SUMIFS(F:F,H:H,"<>"&"",J:J,"<>"&"Sim") -> 0 | G36: =SUMIF(J12:J34,"Sim",F12:F34) -> 0 | N36: =SUM(Jun!$P$12:$P$34) -> 0 | Q36: =SUMIF(Jun!$S$12:$S$34,"Sim",Jun!$P$12:$P$34) -> 0
D37: RECEBIDO DE OUTROS MESES
D38: =SUMIFS(F:F,H:H,"<>"&"",J:J,"Sim",L:L,"<>"&$C$4) -> 0

Sheet Jul
B4: Mês: | C4: Julho
B7: Nome da empresa: | C7: Ana Cabeleireira
B9: Ganhos | N9: Despesas
B11: Data (Venda) | C11: Cliente | D11: Produto/Serviço | E11: Tipo | F11: Valor | G11: Forma de pagamento | H11: Parcelas | I11: Nota Fiscal | J11: Recebido | K11: Ano | L11: mês | N11: Data | O11: Tipo de despesa | P11: Valor | Q11: Forma de pagamento | R11: Parcelas | S11: Pago
K12: =IF(B12="","",YEAR(B12)) | L12: =IF(B12="","",TEXT(DATE(#REF!,MONTH(B12),1),"mmmm"))
K13: =IF(B13="","",YEAR(B13)) | L13: =IF(B13="","",TEXT(DATE(#REF!,MONTH(B13),1),"mmmm"))
K14: =IF(B14="","",YEAR(B14)) | L14: =IF(B14="","",TEXT(DATE(#REF!,MONTH(B14),1),"mmmm"))
K15: =IF(B15="","",YEAR(B15)) | L15: =IF(B15="","",TEXT(DATE(#REF!,MONTH(B15),1),"mmmm"))
K16: =IF(B16="","",YEAR(B16)) | L16: =IF(B16="","",TEXT(DATE(#REF!,MONTH(B16),1),"mmmm"))
K17: =IF(B17="","",YEAR(B17)) | L17: =IF(B17="","",TEXT(DATE(#REF!,MONTH(B17),1),"mmmm"))
K18: =IF(B18="","",YEAR(B18)) | L18: =IF(B18="","",TEXT(DATE(#REF!,MONTH(B18),1),"mmmm"))
K19: =IF(B19="","",YEAR(B19)) | L19: =IF(B19="","",TEXT(DATE(#REF!,MONTH(B19),1),"mmmm"))
K20: =IF(B20="","",YEAR(B20)) | L20: =IF(B20="","",TEXT(DATE(#REF!,MONTH(B20),1),"mmmm"))
K21: =IF(B21="","",YEAR(B21)) | L21: =IF(B21="","",TEXT(DATE(#REF!,MONTH(B21),1),"mmmm"))
K22: =IF(B22="","",YEAR(B22)) | L22: =IF(B22="","",TEXT(DATE(#REF!,MONTH(B22),1),"mmmm"))
K23: =IF(B23="","",YEAR(B23)) | L23: =IF(B23="","",TEXT(DATE(#REF!,MONTH(B23),1),"mmmm"))
... K34: =IF(B34="","",YEAR(B34)) | L34: =IF(B34="","",TEXT(DATE(#REF!,MONTH(B34),1),"mmmm"))
B35: VENDAS DO MÊS | D35: A RECEBER (PARCELADO) | G35: TOTAL RECEBIDO NO MÊS | N35: DESPESAS DO MÊS | Q35: TOTAL PAGO NO MÊS
B36: =SUMIF(L:L,C4,F:F)+SUMIF(L:L,"",F:F) -> 0 | D36: =-SUMIFS(F:F,H:H,"<>"&"",J:J,"<>"&"Sim") -> 0 | G36: =SUMIF(J12:J34,"Sim",F12:F34) -> 0 | N36: =SUM(Jul!$P$12:$P$34) -> 0 | Q36: =SUMIF(Jul!$S$12:$S$34,"Sim",Jul!$P$12:$P$34) -> 0
D37: RECEBIDO DE OUTROS MESES
D38: =SUMIFS(F:F,H:H,"<>"&"",J:J,"Sim",L:L,"<>"&$C$4) -> 0

Sheet Ago
B4: Mês: | C4: Agosto
B7: Nome da empresa: | C7: Ana Cabeleireira
B9: Ganhos | N9: Despesas
B11: Data (Venda) | C11: Cliente | D11: Produto/Serviço | E11: Tipo | F11: Valor | G11: Forma de pagamento | H11: Parcelas | I11: Nota Fiscal | J11: Recebido | K11: Ano | L11: mês | N11: Data | O11: Tipo de despesa | P11: Valor | Q11: Forma de pagamento | R11: Parcelas | S11: Pago
K12: =IF(B12="","",YEAR(B12)) | L12: =IF(B12="","",TEXT(DATE(#REF!,MONTH(B12),1),"mmmm"))
K13: =IF(B13="","",YEAR(B13)) | L13: =IF(B13="","",TEXT(DATE(#REF!,MONTH(B13),1),"mmmm"))
K14: =IF(B14="","",YEAR(B14)) | L14: =IF(B14="","",TEXT(DATE(#REF!,MONTH(B14),1),"mmmm"))
K15: =IF(B15="","",YEAR(B15)) | L15: =IF(B15="","",TEXT(DATE(#REF!,MONTH(B15),1),"mmmm"))
K16: =IF(B16="","",YEAR(B16)) | L16: =IF(B16="","",TEXT(DATE(#REF!,MONTH(B16),1),"mmmm"))
K17: =IF(B17="","",YEAR(B17)) | L17: =IF(B17="","",TEXT(DATE(#REF!,MONTH(B17),1),"mmmm"))
K18: =IF(B18="","",YEAR(B18)) | L18: =IF(B18="","",TEXT(DATE(#REF!,MONTH(B18),1),"mmmm"))
K19: =IF(B19="","",YEAR(B19)) | L19: =IF(B19="","",TEXT(DATE(#REF!,MONTH(B19),1),"mmmm"))
K20: =IF(B20="","",YEAR(B20)) | L20: =IF(B20="","",TEXT(DATE(#REF!,MONTH(B20),1),"mmmm"))
K21: =IF(B21="","",YEAR(B21)) | L21: =IF(B21="","",TEXT(DATE(#REF!,MONTH(B21),1),"mmmm"))
K22: =IF(B22="","",YEAR(B22)) | L22: =IF(B22="","",TEXT(DATE(#REF!,MONTH(B22),1),"mmmm"))
K23: =IF(B23="","",YEAR(B23)) | L23: =IF(B23="","",TEXT(DATE(#REF!,MONTH(B23),1),"mmmm"))
... K34: =IF(B34="","",YEAR(B34)) | L34: =IF(B34="","",TEXT(DATE(#REF!,MONTH(B34),1),"mmmm"))
B35: VENDAS DO MÊS | D35: A RECEBER (PARCELADO) | G35: TOTAL RECEBIDO NO MÊS | N35: DESPESAS DO MÊS | Q35: TOTAL PAGO NO MÊS
B36: =SUMIF(L:L,C4,F:F)+SUMIF(L:L,"",F:F) -> 0 | D36: =-SUMIFS(F:F,H:H,"<>"&"",J:J,"<>"&"Sim") -> 0 | G36: =SUMIF(J12:J34,"Sim",F12:F34) -> 0 | N36: =SUM(Ago!$P$12:$P$34) -> 0 | Q36: =SUMIF(Ago!$S$12:$S$34,"Sim",Ago!$P$12:$P$34) -> 0
D37: RECEBIDO DE OUTROS MESES
D38: =SUMIFS(F:F,H:H,"<>"&"",J:J,"Sim",L:L,"<>"&$C$4) -> 0

Sheet Set
B4: Mês: | C4: Setembro
B7: Nome da empresa: | C7: Ana Cabeleireira
B9: Ganhos | N9: Despesas
B11: Data (Venda) | C11: Cliente | D11: Produto/Serviço | E11: Tipo | F11: Valor | G11: Forma de pagamento | H11: Parcelas | I11: Nota Fiscal | J11: Recebido | K11: Ano | L11: mês | N11: Data | O11: Tipo de despesa | P11: Valor | Q11: Forma de pagamento | R11: Parcelas | S11: Pago
K12: =IF(B12="","",YEAR(B12)) | L12: =IF(B12="","",TEXT(DATE(#REF!,MONTH(B12),1),"mmmm"))
K13: =IF(B13="","",YEAR(B13)) | L13: =IF(B13="","",TEXT(DATE(#REF!,MONTH(B13),1),"mmmm"))
K14: =IF(B14="","",YEAR(B14)) | L14: =IF(B14="","",TEXT(DATE(#REF!,MONTH(B14),1),"mmmm"))
K15: =IF(B15="","",YEAR(B15)) | L15: =IF(B15="","",TEXT(DATE(#REF!,MONTH(B15),1),"mmmm"))
K16: =IF(B16="","",YEAR(B16)) | L16: =IF(B16="","",TEXT(DATE(#REF!,MONTH(B16),1),"mmmm"))
K17: =IF(B17="","",YEAR(B17)) | L17: =IF(B17="","",TEXT(DATE(#REF!,MONTH(B17),1),"mmmm"))
K18: =IF(B18="","",YEAR(B18)) | L18: =IF(B18="","",TEXT(DATE(#REF!,MONTH(B18),1),"mmmm"))
K19: =IF(B19="","",YEAR(B19)) | L19: =IF(B19="","",TEXT(DATE(#REF!,MONTH(B19),1),"mmmm"))
K20: =IF(B20="","",YEAR(B20)) | L20: =IF(B20="","",TEXT(DATE(#REF!,MONTH(B20),1),"mmmm"))
K21: =IF(B21="","",YEAR(B21)) | L21: =IF(B21="","",TEXT(DATE(#REF!,MONTH(B21),1),"mmmm"))
K22: =IF(B22="","",YEAR(B22)) | L22: =IF(B22="","",TEXT(DATE(#REF!,MONTH(B22),1),"mmmm"))
K23: =IF(B23="","",YEAR(B23)) | L23: =IF(B23="","",TEXT(DATE(#REF!,MONTH(B23),1),"mmmm"))
... K34: =IF(B34="","",YEAR(B34)) | L34: =IF(B34="","",TEXT(DATE(#REF!,MONTH(B34),1),"mmmm"))
B35: VENDAS DO MÊS | D35: A RECEBER (PARCELADO) | G35: TOTAL RECEBIDO NO MÊS | N35: DESPESAS DO MÊS | Q35: TOTAL PAGO NO MÊS
B36: =SUMIF(L:L,C4,F:F)+SUMIF(L:L,"",F:F) -> 0 | D36: =-SUMIFS(F:F,H:H,"<>"&"",J:J,"<>"&"Sim") -> 0 | G36: =SUMIF(J12:J34,"Sim",F12:F34) -> 0 | N36: =SUM(Set!$P$12:$P$34) -> 0 | Q36: =SUMIF(Set!$S$12:$S$34,"Sim",Set!$P$12:$P$34) -> 0
D37: RECEBIDO DE OUTROS MESES
D38: =SUMIFS(F:F,H:H,"<>"&"",J:J,"Sim",L:L,"<>"&$C$4) -> 0

Sheet Out
B4: Mês: | C4: Outubro
B7: Nome da empresa: | C7: Ana Cabeleireira
B9: Ganhos | N9: Despesas
B11: Data (Venda) | C11: Cliente | D11: Produto/Serviço | E11: Tipo | F11: Valor | G11: Forma de pagamento | H11: Parcelas | I11: Nota Fiscal | J11: Recebido | K11: Ano | L11: mês | N11: Data | O11: Tipo de despesa | P11: Valor | Q11: Forma de pagamento | R11: Parcelas | S11: Pago
K12: =IF(B12="","",YEAR(B12)) | L12: =IF(B12="","",TEXT(DATE(#REF!,MONTH(B12),1),"mmmm"))
K13: =IF(B13="","",YEAR(B13)) | L13: =IF(B13="","",TEXT(DATE(#REF!,MONTH(B13),1),"mmmm"))
K14: =IF(B14="","",YEAR(B14)) | L14: =IF(B14="","",TEXT(DATE(#REF!,MONTH(B14),1),"mmmm"))
K15: =IF(B15="","",YEAR(B15)) | L15: =IF(B15="","",TEXT(DATE(#REF!,MONTH(B15),1),"mmmm"))
K16: =IF(B16="","",YEAR(B16)) | L16: =IF(B16="","",TEXT(DATE(#REF!,MONTH(B16),1),"mmmm"))
K17: =IF(B17="","",YEAR(B17)) | L17: =IF(B17="","",TEXT(DATE(#REF!,MONTH(B17),1),"mmmm"))
K18: =IF(B18="","",YEAR(B18)) | L18: =IF(B18="","",TEXT(DATE(#REF!,MONTH(B18),1),"mmmm"))
K19: =IF(B19="","",YEAR(B19)) | L19: =IF(B19="","",TEXT(DATE(#REF!,MONTH(B19),1),"mmmm"))
K20: =IF(B20="","",YEAR(B20)) | L20: =IF(B20="","",TEXT(DATE(#REF!,MONTH(B20),1),"mmmm"))
K21: =IF(B21="","",YEAR(B21)) | L21: =IF(B21="","",TEXT(DATE(#REF!,MONTH(B21),1),"mmmm"))
K22: =IF(B22="","",YEAR(B22)) | L22: =IF(B22="","",TEXT(DATE(#REF!,MONTH(B22),1),"mmmm"))
K23: =IF(B23="","",YEAR(B23)) | L23: =IF(B23="","",TEXT(DATE(#REF!,MONTH(B23),1),"mmmm"))
... K34: =IF(B34="","",YEAR(B34)) | L34: =IF(B34="","",TEXT(DATE(#REF!,MONTH(B34),1),"mmmm"))
B35: VENDAS DO MÊS | D35: A RECEBER (PARCELADO) | G35: TOTAL RECEBIDO NO MÊS | N35: DESPESAS DO MÊS | Q35: TOTAL PAGO NO MÊS
B36: =SUMIF(L:L,C4,F:F)+SUMIF(L:L,"",F:F) -> 0 | D36: =-SUMIFS(F:F,H:H,"<>"&"",J:J,"<>"&"Sim") -> 0 | G36: =SUMIF(J12:J34,"Sim",F12:F34) -> 0 | N36: =SUM(Out!$P$12:$P$34) -> 0 | Q36: =SUMIF(Out!$S$12:$S$34,"Sim",Out!$P$12:$P$34) -> 0
D37: RECEBIDO DE OUTROS MESES
D38: =SUMIFS(F:F,H:H,"<>"&"",J:J,"Sim",L:L,"<>"&$C$4) -> 0

Sheet Nov
B4: Mês: | C4: Novembro
B7: Nome da empresa: | C7: Ana Cabeleireira
B9: Ganhos | N9: Despesas
B11: Data (Venda) | C11: Cliente | D11: Produto/Serviço | E11: Tipo | F11: Valor | G11: Forma de pagamento | H11: Parcelas | I11: Nota Fiscal | J11: Recebido | K11: Ano | L11: mês | N11: Data | O11: Tipo de despesa | P11: Valor | Q11: Forma de pagamento | R11: Parcelas | S11: Pago
K12: =IF(B12="","",YEAR(B12)) | L12: =IF(B12="","",TEXT(DATE(#REF!,MONTH(B12),1),"mmmm"))
K13: =IF(B13="","",YEAR(B13)) | L13: =IF(B13="","",TEXT(DATE(#REF!,MONTH(B13),1),"mmmm"))
K14: =IF(B14="","",YEAR(B14)) | L14: =IF(B14="","",TEXT(DATE(#REF!,MONTH(B14),1),"mmmm"))
K15: =IF(B15="","",YEAR(B15)) | L15: =IF(B15="","",TEXT(DATE(#REF!,MONTH(B15),1),"mmmm"))
K16: =IF(B16="","",YEAR(B16)) | L16: =IF(B16="","",TEXT(DATE(#REF!,MONTH(B16),1),"mmmm"))
K17: =IF(B17="","",YEAR(B17)) | L17: =IF(B17="","",TEXT(DATE(#REF!,MONTH(B17),1),"mmmm"))
K18: =IF(B18="","",YEAR(B18)) | L18: =IF(B18="","",TEXT(DATE(#REF!,MONTH(B18),1),"mmmm"))
K19: =IF(B19="","",YEAR(B19)) | L19: =IF(B19="","",TEXT(DATE(#REF!,MONTH(B19),1),"mmmm"))
K20: =IF(B20="","",YEAR(B20)) | L20: =IF(B20="","",TEXT(DATE(#REF!,MONTH(B20),1),"mmmm"))
K21: =IF(B21="","",YEAR(B21)) | L21: =IF(B21="","",TEXT(DATE(#REF!,MONTH(B21),1),"mmmm"))
K22: =IF(B22="","",YEAR(B22)) | L22: =IF(B22="","",TEXT(DATE(#REF!,MONTH(B22),1),"mmmm"))
K23: =IF(B23="","",YEAR(B23)) | L23: =IF(B23="","",TEXT(DATE(#REF!,MONTH(B23),1),"mmmm"))
... K34: =IF(B34="","",YEAR(B34)) | L34: =IF(B34="","",TEXT(DATE(#REF!,MONTH(B34),1),"mmmm"))
B35: VENDAS DO MÊS | D35: A RECEBER (PARCELADO) | G35: TOTAL RECEBIDO NO MÊS | N35: DESPESAS DO MÊS | Q35: TOTAL PAGO NO MÊS
B36: =SUMIF(L:L,C4,F:F)+SUMIF(L:L,"",F:F) -> 0 | D36: =-SUMIFS(F:F,H:H,"<>"&"",J:J,"<>"&"Sim") -> 0 | G36: =SUMIF(J12:J34,"Sim",F12:F34) -> 0 | N36: =SUM(Nov!$P$12:$P$34) -> 0 | Q36: =SUMIF(Nov!$S$12:$S$34,"Sim",Nov!$P$12:$P$34) -> 0
D37: RECEBIDO DE OUTROS MESES
D38: =SUMIFS(F:F,H:H,"<>"&"",J:J,"Sim",L:L,"<>"&$C$4) -> 0

Sheet Dez
B4: Mês: | C4: Dezembro
B7: Nome da empresa: | C7: Ana Cabeleireira
B9: Ganhos | N9: Despesas
B11: Data (Venda) | C11: Cliente | D11: Produto/Serviço | E11: Tipo | F11: Valor | G11: Forma de pagamento | H11: Parcelas | I11: Nota Fiscal | J11: Recebido | K11: Ano | L11: mês | N11: Data | O11: Tipo de despesa | P11: Valor | Q11: Forma de pagamento | R11: Parcelas | S11: Pago
K12: =IF(B12="","",YEAR(B12)) | L12: =IF(B12="","",TEXT(DATE(#REF!,MONTH(B12),1),"mmmm"))
K13: =IF(B13="","",YEAR(B13)) | L13: =IF(B13="","",TEXT(DATE(#REF!,MONTH(B13),1),"mmmm"))
K14: =IF(B14="","",YEAR(B14)) | L14: =IF(B14="","",TEXT(DATE(#REF!,MONTH(B14),1),"mmmm"))
K15: =IF(B15="","",YEAR(B15)) | L15: =IF(B15="","",TEXT(DATE(#REF!,MONTH(B15),1),"mmmm"))
K16: =IF(B16="","",YEAR(B16)) | L16: =IF(B16="","",TEXT(DATE(#REF!,MONTH(B16),1),"mmmm"))
K17: =IF(B17="","",YEAR(B17)) | L17: =IF(B17="","",TEXT(DATE(#REF!,MONTH(B17),1),"mmmm"))
K18: =IF(B18="","",YEAR(B18)) | L18: =IF(B18="","",TEXT(DATE(#REF!,MONTH(B18),1),"mmmm"))
K19: =IF(B19="","",YEAR(B19)) | L19: =IF(B19="","",TEXT(DATE(#REF!,MONTH(B19),1),"mmmm"))
K20: =IF(B20="","",YEAR(B20)) | L20: =IF(B20="","",TEXT(DATE(#REF!,MONTH(B20),1),"mmmm"))
K21: =IF(B21="","",YEAR(B21)) | L21: =IF(B21="","",TEXT(DATE(#REF!,MONTH(B21),1),"mmmm"))
K22: =IF(B22="","",YEAR(B22)) | L22: =IF(B22="","",TEXT(DATE(#REF!,MONTH(B22),1),"mmmm"))
K23: =IF(B23="","",YEAR(B23)) | L23: =IF(B23="","",TEXT(DATE(#REF!,MONTH(B23),1),"mmmm"))
... K34: =IF(B34="","",YEAR(B34)) | L34: =IF(B34="","",TEXT(DATE(#REF!,MONTH(B34),1),"mmmm"))
B35: VENDAS DO MÊS | D35: A RECEBER (PARCELADO) | G35: TOTAL RECEBIDO NO MÊS | N35: DESPESAS DO MÊS | Q35: TOTAL PAGO NO MÊS
B36: =SUMIF(L:L,C4,F:F)+SUMIF(L:L,"",F:F) -> 0 | D36: =-SUMIFS(F:F,H:H,"<>"&"",J:J,"<>"&"Sim") -> 0 | G36: =SUMIF(J12:J34,"Sim",F12:F34) -> 0 | N36: =SUM(Dez!$P$12:$P$34) -> 0 | Q36: =SUMIF(Dez!$S$12:$S$34,"Sim",Dez!$P$12:$P$34) -> 0
D37: RECEBIDO DE OUTROS MESES
D38: =SUMIFS(F:F,H:H,"<>"&"",J:J,"Sim",L:L,"<>"&$C$4) -> 0

Sheet Declaração anual
C8: Valores recebidos por mês | F8: Faturamento bruto do ano
C10: Comércio | D10: Serviço
G11: Comércio | I11: =SUM(C12:C23) -> 0
B12: Jan | C12: =SUMIFS(INDIRECT($B12&"!F:F"), INDIRECT($B12&"!E:E"),"<>"&$D$10, INDIRECT($B12&"!J:J"),"Sim") -> 0 | D12: =SUMIFS(INDIRECT($B12&"!F:F"),INDIRECT($B12&"!E:E"),D$10,INDIRECT($B12&"!J:J"),"Sim") -> 0 | G12: Indústria
B13: Fev | C13: =SUMIFS(INDIRECT($B13&"!F:F"), INDIRECT($B13&"!E:E"),"<>"&$D$10, INDIRECT($B13&"!J:J"),"Sim") -> 0 | D13: =SUMIFS(INDIRECT($B13&"!F:F"),INDIRECT($B13&"!E:E"),D$10,INDIRECT($B13&"!J:J"),"Sim") -> 0 | G13: Transporte intermunicipais e interestaduais
B14: Mar | C14: =SUMIFS(INDIRECT($B14&"!F:F"), INDIRECT($B14&"!E:E"),"<>"&$D$10, INDIRECT($B14&"!J:J"),"Sim") -> 0 | D14: =SUMIFS(INDIRECT($B14&"!F:F"),INDIRECT($B14&"!E:E"),D$10,INDIRECT($B14&"!J:J"),"Sim") -> 0 | G14: Fornecimento de refeições
B15: Abr | C15: =SUMIFS(INDIRECT($B15&"!F:F"), INDIRECT($B15&"!E:E"),"<>"&$D$10, INDIRECT($B15&"!J:J"),"Sim") -> 0 | D15: =SUMIFS(INDIRECT($B15&"!F:F"),INDIRECT($B15&"!E:E"),D$10,INDIRECT($B15&"!J:J"),"Sim") -> 0
B16: Mai | C16: =SUMIFS(INDIRECT($B16&"!F:F"), INDIRECT($B16&"!E:E"),"<>"&$D$10, INDIRECT($B16&"!J:J"),"Sim") -> 0 | D16: =SUMIFS(INDIRECT($B16&"!F:F"),INDIRECT($B16&"!E:E"),D$10,INDIRECT($B16&"!J:J"),"Sim") -> 0
B17: Jun | C17: =SUMIFS(INDIRECT($B17&"!F:F"), INDIRECT($B17&"!E:E"),"<>"&$D$10, INDIRECT($B17&"!J:J"),"Sim") -> 0 | D17: =SUMIFS(INDIRECT($B17&"!F:F"),INDIRECT($B17&"!E:E"),D$10,INDIRECT($B17&"!J:J"),"Sim") -> 0 | G17: Serviço | I17: =SUM(D12:D23) -> 0
B18: Jul | C18: =SUMIFS(INDIRECT($B18&"!F:F"), INDIRECT($B18&"!E:E"),"<>"&$D$10, INDIRECT($B18&"!J:J"),"Sim") -> 0 | D18: =SUMIFS(INDIRECT($B18&"!F:F"),INDIRECT($B18&"!E:E"),D$10,INDIRECT($B18&"!J:J"),"Sim") -> 0
B19: Ago | C19: =SUMIFS(INDIRECT($B19&"!F:F"), INDIRECT($B19&"!E:E"),"<>"&$D$10, INDIRECT($B19&"!J:J"),"Sim") -> 0 | D19: =SUMIFS(INDIRECT($B19&"!F:F"),INDIRECT($B19&"!E:E"),D$10,INDIRECT($B19&"!J:J"),"Sim") -> 0
B20: Set | C20: =SUMIFS(INDIRECT($B20&"!F:F"), INDIRECT($B20&"!E:E"),"<>"&$D$10, INDIRECT($B20&"!J:J"),"Sim") -> 0 | D20: =SUMIFS(INDIRECT($B20&"!F:F"),INDIRECT($B20&"!E:E"),D$10,INDIRECT($B20&"!J:J"),"Sim") -> 0
B21: Out | C21: =SUMIFS(INDIRECT($B21&"!F:F"), INDIRECT($B21&"!E:E"),"<>"&$D$10, INDIRECT($B21&"!J:J"),"Sim") -> 0 | D21: =SUMIFS(INDIRECT($B21&"!F:F"),INDIRECT($B21&"!E:E"),D$10,INDIRECT($B21&"!J:J"),"Sim") -> 0 | G21: TOTAL A DECLARAR | J21: =SUM(I11,I17) -> 0
B22: Nov | C22: =SUMIFS(INDIRECT($B22&"!F:F"), INDIRECT($B22&"!E:E"),"<>"&$D$10, INDIRECT($B22&"!J:J"),"Sim") -> 0 | D22: =SUMIFS(INDIRECT($B22&"!F:F"),INDIRECT($B22&"!E:E"),D$10,INDIRECT($B22&"!J:J"),"Sim") -> 0
B23: Dez | C23: =SUMIFS(INDIRECT($B23&"!F:F"), INDIRECT($B23&"!E:E"),"<>"&$D$10, INDIRECT($B23&"!J:J"),"Sim") -> 0 | D23: =SUMIFS(INDIRECT($B23&"!F:F"),INDIRECT($B23&"!E:E"),D$10,INDIRECT($B23&"!J:J"),"Sim") -> 0

Sheet Jan_exemplo
B4: Mês: | C4: Janeiro
B6: Ano: | C6: 2024
B8: Nome da empresa: | C8: Ana Cabeleireira
B10: Ganhos | N10: Despesas
B12: Data (Venda) | C12: Cliente | D12: Produto/Serviço | E12: Tipo | F12: Valor | G12: Forma de pagamento | H12: Parcelas | I12: Nota Fiscal | J12: Recebido | K12: Ano | L12: mês | N12: Data | O12: Tipo de despesa | P12: Valor | Q12: Forma de pagamento | R12: Parcelas | S12: Pago
B13: 43842 | C13: Luzia | D13: Pé e Mão | E13: Serviço | F13: 50 | G13: Dinheiro | I13: Sim | J13: Sim | K13: =IF(B13="","",YEAR(B13)) -> 2020 | L13: =IF(B13="","",TEXT(DATE($C$6,MONTH(B13),1),"mmmm")) -> janeiro | N13: 43495 | O13: Conta de água | P13: 58 | Q13: Dinheiro | R13: 1/2 | S13: Sim
B14: 43843 | C14: Ronaldo | D14: Xampú | E14: Comércio | F14: 100 | G14: Cartão de débito | I14: Sim | J14: Sim | K14: =IF(B14="","",YEAR(B14)) -> 2020 | L14: =IF(B14="","",TEXT(DATE($C$6,MONTH(B14),1),"mmmm")) -> janeiro | N14: 43495 | O14: Conta de Luz | P14: 100 | Q14: Boleto | S14: Não
B15: 43844 | C15: Maira | D15: Creme Hidratante | E15: Comércio | F15: 50 | G15: Boleto | H15: 1/3 | I15: Não | J15: Sim | K15: =IF(B15="","",YEAR(B15)) -> 2020 | L15: =IF(B15="","",TEXT(DATE($C$6,MONTH(B15),1),"mmmm")) -> janeiro | N15: 43485 | O15: DAS MEI | P15: 52.7 | Q15: Boleto | S15: Sim
C16: Maira | D16: Creme Hidratante | E16: Comércio | F16: 50 | G16: Boleto | H16: 2/3 | J16: Não | K16: =IF(B16="","",YEAR(B16)) | L16: =IF(B16="","",TEXT(DATE($C$6,MONTH(B16),1),"mmmm"))
C17: Maira | D17: Creme Hidratante | E17: Comércio | F17: 50 | G17: Boleto | H17: 3/3 | J17: Não | K17: =IF(B17="","",YEAR(B17)) | L17: =IF(B17="","",TEXT(DATE($C$6,MONTH(B17),1),"mmmm"))
B18: 43850 | C18: Iolanda | D18: Escova+Hidratação | E18: Serviço | F18: 150 | G18: Dinheiro | I18: Não | J18: Sim | K18: =IF(B18="","",YEAR(B18)) -> 2020 | L18: =IF(B18="","",TEXT(DATE($C$6,MONTH(B18),1),"mmmm")) -> janeiro
K19: =IF(B19="","",YEAR(B19)) | L19: =IF(B19="","",TEXT(DATE($C$6,MONTH(B19),1),"mmmm"))
K20: =IF(B20="","",YEAR(B20)) | L20: =IF(B20="","",TEXT(DATE($C$6,MONTH(B20),1),"mmmm"))
K21: =IF(B21="","",YEAR(B21)) | L21: =IF(B21="","",TEXT(DATE($C$6,MONTH(B21),1),"mmmm"))
K22: =IF(B22="","",YEAR(B22)) | L22: =IF(B22="","",TEXT(DATE($C$6,MONTH(B22),1),"mmmm"))
K23: =IF(B23="","",YEAR(B23)) | L23: =IF(B23="","",TEXT(DATE($C$6,MONTH(B23),1),"mmmm"))
K24: =IF(B24="","",YEAR(B24)) | L24: =IF(B24="","",TEXT(DATE($C$6,MONTH(B24),1),"mmmm"))
K25: =IF(B25="","",YEAR(B25)) | L25: =IF(B25="","",TEXT(DATE($C$6,MONTH(B25),1),"mmmm"))
K26: =IF(B26="","",YEAR(B26)) | L26: =IF(B26="","",TEXT(DATE($C$6,MONTH(B26),1),"mmmm"))
K27: =IF(B27="","",YEAR(B27)) | L27: =IF(B27="","",TEXT(DATE($C$6,MONTH(B27),1),"mmmm"))
K28: =IF(B28="","",YEAR(B28)) | L28: =IF(B28="","",TEXT(DATE($C$6,MONTH(B28),1),"mmmm"))
K29: =IF(B29="","",YEAR(B29)) | L29: =IF(B29="","",TEXT(DATE($C$6,MONTH(B29),1),"mmmm"))
K30: =IF(B30="","",YEAR(B30)) | L30: =IF(B30="","",TEXT(DATE($C$6,MONTH(B30),1),"mmmm"))
... K35: =IF(B35="","",YEAR(B35)) | L35: =IF(B35="","",TEXT(DATE($C$6,MONTH(B35),1),"mmmm"))
B36: VENDAS DO MÊS | D36: A RECEBER (PARCELADO) | G36: TOTAL RECEBIDO NO MÊS | N36: DESPESAS DO MÊS | Q36: TOTAL PAGO NO MÊS
B37: =SUMIF(L:L,C4,F:F)+SUMIF(L:L,"",F:F) -> 450 | D37: =-SUMIFS(F:F,H:H,"<>"&"",J:J,"<>"&"Sim") -> -100 | G37: =SUMIF(J13:J35,"Sim",F13:F35) -> 350 | N37: =SUM(Jan_exemplo!$P$13:$P$35) -> 210.7 | Q37: =SUMIF(Jan_exemplo!$S$13:$S$35,"Sim",Jan_exemplo!$P$13:$P$35) -> 110.7
D38: RECEBIDO DE OUTROS MESES
D39: =SUMIFS(F:F,H:H,"<>"&"",J:J,"Sim",L:L,"<>"&$C$4) -> 0

Sheet Fev_exemplo
B4: Mês: | C4: Fevereiro
B6: Ano: | C6: 2021
B8: Nome da empresa: | C8: Ana Cabeleireira
B10: Ganhos | N10: Despesas
B12: Data (Venda) | C12: Cliente | D12: Produto/Serviço | E12: Tipo | F12: Valor | G12: Forma de pagamento | H12: Parcelas | I12: Nota Fiscal | J12: Recebido | K12: Ano | L12: mês | N12: Data | O12: Tipo de despesa | P12: Valor | Q12: Forma de pagamento | R12: Parcelas | S12: Pago
B13: 43863 | C13: Ana | D13: Pé e Mão | E13: Serviço | F13: 50 | G13: Dinheiro | I13: Sim | J13: Sim | K13: =IF(B13="","",YEAR(B13)) -> 2020 | L13: =IF(B13="","",TEXT(DATE($C$6,MONTH(B13),1),"mmmm")) -> fevereiro | N13: 43495 | O13: Conta de água | P13: 58 | Q13: Dinheiro | R13: 1/2 | S13: Sim
B14: 43878 | C14: Fabi | D14: Condicionador | E14: Comércio | F14: 100 | G14: Cartão de débito | I14: Sim | J14: Sim | K14: =IF(B14="","",YEAR(B14)) -> 2020 | L14: =IF(B14="","",TEXT(DATE($C$6,MONTH(B14),1),"mmmm")) -> fevereiro | N14: 43495 | O14: Conta de Luz | P14: 100 | Q14: Boleto | S14: Sim
B15: 43881 | C15: João | D15: Barba | E15: Serviço | F15: 35 | G15: Cartão de débito | J15: Sim | K15: =IF(B15="","",YEAR(B15)) -> 2020 | L15: =IF(B15="","",TEXT(DATE($C$6,MONTH(B15),1),"mmmm")) -> fevereiro | N15: 43485 | O15: DAS MEI | P15: 52.7 | Q15: Boleto | S15: Sim
B16: 43844 | C16: Maira | D16: Creme Hidratante | E16: Comércio | F16: 50 | G16: Boleto | H16: 2/3 | I16: Não | J16: Sim | K16: =IF(B16="","",YEAR(B16)) -> 2020 | L16: =IF(B16="","",TEXT(DATE($C$6,MONTH(B16),1),"mmmm")) -> janeiro
B17: 43884 | C17: Bete | D17: Progressiva | E17: Comércio | F17: 50 | G17: Boleto | H17: 1/3 | I17: Não | J17: Sim | K17: =IF(B17="","",YEAR(B17)) -> 2020 | L17: =IF(B17="","",TEXT(DATE($C$6,MONTH(B17),1),"mmmm")) -> fevereiro
C18: Bete | D18: Progressiva | E18: Comércio | F18: 50 | G18: Boleto | H18: 2/3 | J18: Não | K18: =IF(B18="","",YEAR(B18)) | L18: =IF(B18="","",TEXT(DATE($C$6,MONTH(B18),1),"mmmm"))
C19: Bete | D19: Progressiva | E19: Comércio | F19: 50 | G19: Boleto | H19: 3/3 | J19: Não | K19: =IF(B19="","",YEAR(B19)) | L19: =IF(B19="","",TEXT(DATE($C$6,MONTH(B19),1),"mmmm"))
K20: =IF(B20="","",YEAR(B20)) | L20: =IF(B20="","",TEXT(DATE($C$6,MONTH(B20),1),"mmmm"))
K21: =IF(B21="","",YEAR(B21)) | L21: =IF(B21="","",TEXT(DATE($C$6,MONTH(B21),1),"mmmm"))
K22: =IF(B22="","",YEAR(B22)) | L22: =IF(B22="","",TEXT(DATE($C$6,MONTH(B22),1),"mmmm"))
K23: =IF(B23="","",YEAR(B23)) | L23: =IF(B23="","",TEXT(DATE($C$6,MONTH(B23),1),"mmmm"))
K24: =IF(B24="","",YEAR(B24)) | L24: =IF(B24="","",TEXT(DATE($C$6,MONTH(B24),1),"mmmm"))
K25: =IF(B25="","",YEAR(B25)) | L25: =IF(B25="","",TEXT(DATE($C$6,MONTH(B25),1),"mmmm"))
K26: =IF(B26="","",YEAR(B26)) | L26: =IF(B26="","",TEXT(DATE($C$6,MONTH(B26),1),"mmmm"))
K27: =IF(B27="","",YEAR(B27)) | L27: =IF(B27="","",TEXT(DATE($C$6,MONTH(B27),1),"mmmm"))
K28: =IF(B28="","",YEAR(B28)) | L28: =IF(B28="","",TEXT(DATE($C$6,MONTH(B28),1),"mmmm"))
K29: =IF(B29="","",YEAR(B29)) | L29: =IF(B29="","",TEXT(DATE($C$6,MONTH(B29),1),"mmmm"))
K30: =IF(B30="","",YEAR(B30)) | L30: =IF(B30="","",TEXT(DATE($C$6,MONTH(B30),1),"mmmm"))
K31: =IF(B31="","",YEAR(B31)) | L31: =IF(B31="","",TEXT(DATE($C$6,MONTH(B31),1),"mmmm"))
... K35: =IF(B35="","",YEAR(B35)) | L35: =IF(B35="","",TEXT(DATE($C$6,MONTH(B35),1),"mmmm"))
B36: VENDAS DO MÊS | D36: A RECEBER (PARCELADO) | G36: TOTAL RECEBIDO NO MÊS | N36: DESPESAS DO MÊS | Q36: TOTAL PAGO NO MÊS
B37: =SUMIF(L:L,C4,F:F)+SUMIF(L:L,"",F:F) -> 335 | D37: =-SUMIFS(F:F,H:H,"<>"&"",J:J,"<>"&"Sim") -> -100 | G37: =SUMIF(J13:J35,"Sim",F13:F35) -> 285 | N37: =SUM(Fev_exemplo!$P$13:$P$35) -> 210.7 | Q37: =SUMIF(Fev_exemplo!$S$13:$S$35,"Sim",Fev_exemplo!$P$13:$P$35) -> 210.7
D38: RECEBIDO DE OUTROS MESES
D39: =SUMIFS(F:F,H:H,"<>"&"",J:J,"Sim",L:L,"<>"&$C$4) -> 50
